| TOP OF THE 1ST |
|
Minot Jets batting - Pitching for Magic Valley Magicians : RHP Bill Boddy
|
|
Pitching: RHP Bill Boddy
|
|
|
Batting: RHB Tony Beal
|
0-0: Called Strike 0-1: Swinging Strike 0-2: Ball 1-2: Fly out, F8 (Flyball, 8RS, EV 93.8 MPH)
|
|
Batting: RHB William Phillips
|
0-0: Ball 1-0: Fly out, F7 (Flyball, 7, EV 92.5 MPH)
|
|
Batting: LHB Douglas Reibel
|
0-0: Ball 1-0: Ball 2-0: Called Strike 2-1: Ball 3-1: Foul Ball, location: 2F 3-2: Base on Balls
|
|
Batting: RHB Troy Afenir
|
0-0: Foul Ball, location: 2F 0-1: Foul Ball, location: 2F 0-2: Ball 1-2: Ball 2-2: Foul Ball, location: 2F 2-2: 2-RUN HOME RUN (Line Drive, 7D, EV 101.9 MPH), Distance : 377 ft
|
|
Batting: RHB George Vogel
|
0-0: Ball 1-0: DOUBLE (Groundball, 5L, EV 102.5 MPH)
|
|
Batting: RHB Roberto Balaguer
|
0-0: Ball 1-0: Foul Ball, location: 2F 1-1: Swinging Strike 1-2: Ground out 5-3 (Groundball, 56S, EV 76.9 MPH)
|
| Top of the 1st over - 2 runs, 2 hits, 0 errors, 1 left on base; Minot 2 - Magic Valley 0 |
| BOTTOM OF THE 1ST |
|
Magic Valley Magicians batting - Pitching for Minot Jets : RHP Danny Ontiveros
|
|
Pitching: RHP Danny Ontiveros
|
|
|
Batting: RHB Willie Lozado
|
0-0: Called Strike 0-1: Ground out 6-3 (Groundball, 6, EV 102.5 MPH)
|
|
Batting: RHB Marlin McPhail
|
0-0: Called Strike 0-1: Swinging Strike 0-2: Strikes out swinging
|
|
Batting: RHB Matt Cimo
|
0-0: Ball 1-0: Fly out, F8 (Flyball, 8LS, EV 89.4 MPH)
|
| Bottom of the 1st over - 0 runs, 0 hits, 0 errors, 0 left on base; Minot 2 - Magic Valley 0 |
| TOP OF THE 2ND |
|
Minot Jets batting - Pitching for Magic Valley Magicians : RHP Bill Boddy
|
|
Batting: RHB Joe Karmeris
|
0-0: Ground out 1-3 (Groundball, 15S, EV 66.3 MPH)
|
|
Batting: RHB Jesus Aybar
|
0-0: Foul Ball, location: 2F 0-1: Foul Ball, location: 2F 0-2: Ball 1-2: Ball 2-2: Foul Ball, location: 2F 2-2: SINGLE (Groundball, 56, EV 83.1 MPH) (infield hit)
|
|
Batting: RHB Hugo Olivas
|
0-0: Ball 1-0: Foul Ball, location: 2F Pickoff Throw to First - Out! 1-3 1-1: Fly out, F9 (Flyball, 9LS, EV 84.4 MPH)
|
| Top of the 2nd over - 0 runs, 1 hit, 0 errors, 0 left on base; Minot 2 - Magic Valley 0 |
| BOTTOM OF THE 2ND |
|
Magic Valley Magicians batting - Pitching for Minot Jets : RHP Danny Ontiveros
|
|
Batting: RHB Jason Felice
|
0-0: Ball 1-0: SINGLE (Groundball, 34D, EV 101.3 MPH)
|
|
Batting: RHB Terry Steinbach
|
0-0: Hit by Pitch Jason Felice to second
|
|
Batting: RHB Kevin Ward
|
0-0: Called Strike 0-1: Ball 1-1: Ball Wild Pitch! Jason Felice to third Terry Steinbach to second 2-1: Ground out 5-3 (Groundball, 56S, EV 77.5 MPH) Jason Felice scores
|
|
Batting: RHB Hank Landers
|
0-0: Ball 1-0: Foul Ball, location: 2F 1-1: Fly out, F8 (Flyball, 89D, EV 106.3 MPH) Runner from 2nd tags up, SAFE at 3rd, no throw by CF
|
|
Batting: RHB Terry Edwards
|
0-0: Called Strike 0-1: Foul Ball, location: 2F 0-2: Ball 1-2: Fly out, F9 (Flyball, 9LM, EV 91.3 MPH)
|
| Bottom of the 2nd over - 1 run, 1 hit, 0 errors, 1 left on base; Minot 2 - Magic Valley 1 |
| TOP OF THE 3RD |
|
Minot Jets batting - Pitching for Magic Valley Magicians : RHP Bill Boddy
|
|
Batting: RHB Tony Beal
|
0-0: Hit by Pitch
|
|
Batting: RHB William Phillips
|
0-0: Ball 1-0: Foul Ball, location: 2F 1-1: SINGLE (Groundball, 34D, EV 106.3 MPH) Tony Beal to second Runner from 2nd tries for 3rd, SAFE, throw by RF made to third
|
|
Batting: LHB Douglas Reibel
|
0-0: Ball Passed Ball! Tony Beal scores William Phillips to second 1-0: Ball 2-0: Ground out 1-3 (Groundball, 13, EV 66.9 MPH) William Phillips to third
|
|
Batting: RHB Troy Afenir
|
0-0: Ball Wild Pitch! William Phillips scores 1-0: Called Strike 1-1: DOUBLE (Line Drive, 9LS, EV 95.6 MPH)
|
|
Batting: RHB George Vogel
|
0-0: Ball 1-0: Called Strike 1-1: Ball 2-1: Swinging Strike 2-2: Ball 3-2: Foul Ball, location: 2F 3-2: Fly out, F5 (Popup, 5F, EV 63.8 MPH)
|
|
Batting: RHB Roberto Balaguer
|
0-0: Ball 1-0: Ball 2-0: Foul Ball, location: 2F 2-1: Foul Ball, location: 2F 2-2: Foul Ball, location: 2F 2-2: Ball Wild Pitch! Troy Afenir to third 3-2: SINGLE (Groundball, 56D, EV 105.6 MPH) Troy Afenir scores
|
|
Batting: RHB Joe Karmeris
|
0-0: Called Strike 0-1: Ball Wild Pitch! Roberto Balaguer to second 1-1: TRIPLE (Flyball, 78XD, EV 89.4 MPH) Roberto Balaguer scores
|
|
Pitching: LHP Terrence Nocera
|
|
|
Batting: RHB Jesus Aybar
|
0-0: Ball 1-0: Called Strike 1-1: Fly out, F8 (Line Drive, 8LM, EV 110.0 MPH)
|
| Top of the 3rd over - 4 runs, 4 hits, 0 errors, 1 left on base; Minot 6 - Magic Valley 1 |
| BOTTOM OF THE 3RD |
|
Magic Valley Magicians batting - Pitching for Minot Jets : RHP Danny Ontiveros
|
|
Batting: RHB Kenny Houp
|
0-0: Ground out 5-3 (Groundball, 56, EV 101.9 MPH)
|
|
Batting: RHB Willie Lozado
|
0-0: Fly out, F8 (Line Drive, 8RM, EV 88.1 MPH)
|
|
Batting: RHB Marlin McPhail
|
0-0: Ball 1-0: Called Strike 1-1: Ball 2-1: Ball 3-1: Called Strike 3-2: Fly out, F8 (Flyball, 8RXD, EV 98.1 MPH)
|
| Bottom of the 3rd over - 0 runs, 0 hits, 0 errors, 0 left on base; Minot 6 - Magic Valley 1 |
| TOP OF THE 4TH |
|
Minot Jets batting - Pitching for Magic Valley Magicians : LHP Terrence Nocera
|
|
Batting: RHB Hugo Olivas
|
0-0: Ball 1-0: Ball 2-0: SINGLE (Flyball, 8LS, EV 96.3 MPH)
|
|
Batting: RHB Tony Beal
|
0-0: Ball 1-0: Hit by Pitch Hugo Olivas to second
|
|
Batting: RHB William Phillips
|
0-0: Ball 1-0: Foul Ball, location: 2F 1-1: Ball 2-1: Foul Ball, location: 2F 2-2: Grounds into double play, 6-4-3 (Groundball, 6, EV 83.8 MPH) Hugo Olivas to third
|
|
Batting: LHB Douglas Reibel
|
0-0: Called Strike 0-1: Foul Ball, location: 2F 0-2: SINGLE (Line Drive, 34D, EV 98.8 MPH) Hugo Olivas scores
|
|
Batting: RHB Troy Afenir
|
0-0: Called Strike 0-1: Ball Wild Pitch! Douglas Reibel to second 1-1: Ball 2-1: DOUBLE (Flyball, 78D, EV 106.3 MPH) Douglas Reibel scores
|
|
Batting: RHB George Vogel
|
0-0: Ball 1-0: Ball 2-0: Ball 3-0: Called Strike 3-1: Base on Balls
|
|
Batting: RHB Roberto Balaguer
|
0-0: Foul Ball, location: 2F 0-1: TRIPLE (Flyball, 9D, EV 98.1 MPH) Troy Afenir scores George Vogel scores
|
|
Batting: RHB Joe Karmeris
|
0-0: Fly out, F9 (Flyball, 89D, EV 98.1 MPH)
|
| Top of the 4th over - 4 runs, 4 hits, 0 errors, 1 left on base; Minot 10 - Magic Valley 1 |
| BOTTOM OF THE 4TH |
|
Magic Valley Magicians batting - Pitching for Minot Jets : RHP Danny Ontiveros
|
|
Batting: RHB Matt Cimo
|
0-0: Ball 1-0: Ball 2-0: SINGLE (Groundball, 56D, EV 98.8 MPH)
|
|
Batting: RHB Jason Felice
|
0-0: Ball Passed Ball! Matt Cimo to second 1-0: Foul Ball, location: 2F 1-1: Ball 2-1: Called Strike 2-2: Reached via error on a dropped throw from 1B, E1 (Groundball, 34, EV 78.1 MPH) Matt Cimo to third
|
|
Batting: RHB Terry Steinbach
|
0-0: Ball 1-0: Called Strike 1-1: SINGLE (Groundball, 6M, EV 101.9 MPH) Matt Cimo scores Jason Felice to second
|
|
Batting: RHB Kevin Ward
|
0-0: Called Strike Jason Felice steals 3rd base Terry Steinbach to second 0-1: Swinging Strike 0-2: Foul Ball, location: 2F 0-2: Ball 1-2: TRIPLE (Line Drive, 78XD, EV 106.9 MPH) Jason Felice scores Terry Steinbach scores
|
|
Batting: RHB Hank Landers
|
0-0: Ball 1-0: Foul Ball, location: 2F 1-1: Called Strike 1-2: Ball 2-2: SINGLE (Flyball, 8LS, EV 88.1 MPH) Kevin Ward scores
|
|
Batting: RHB Terry Edwards
|
0-0: Called Strike 0-1: Foul Ball, location: 2F 0-2: Strikes out swinging
|
|
Batting: RHB Kenny Houp
|
0-0: Fly out, F4 (Line Drive, 4, EV 68.1 MPH)
|
|
Batting: RHB Willie Lozado
|
0-0: Ball Hank Landers is caught stealing 2nd base 2-4
|
| Bottom of the 4th over - 4 runs, 4 hits, 1 error, 0 left on base; Minot 10 - Magic Valley 5 |
| TOP OF THE 5TH |
|
Minot Jets batting - Pitching for Magic Valley Magicians : LHP Terrence Nocera
|
|
Batting: RHB Jesus Aybar
|
0-0: Reached on error, E6 (Groundball, 6, EV 82.5 MPH)
|
|
Batting: RHB Hugo Olivas
|
0-0: Ball 1-0: Ball 2-0: Called Strike 2-1: Fly out, F3 (Flyball, 3D, EV 91.9 MPH)
|
|
Batting: RHB Tony Beal
|
0-0: Ball 1-0: Ball 2-0: Called Strike 2-1: Fly out, F9 (Flyball, 89D, EV 95.6 MPH) Runner from 2nd tags up, SAFE at 3rd, no throw by RF
|
|
Batting: RHB William Phillips
|
0-0: Fly out, F8 (Flyball, 8RM, EV 76.3 MPH)
|
| Top of the 5th over - 0 runs, 0 hits, 1 error, 1 left on base; Minot 10 - Magic Valley 5 |
| BOTTOM OF THE 5TH |
|
Magic Valley Magicians batting - Pitching for Minot Jets : RHP Danny Ontiveros
|
|
Batting: RHB Willie Lozado
|
0-0: Called Strike 0-1: Ball 1-1: Ground out 1-3 (Groundball, 34S, EV 62.5 MPH)
|
|
Batting: RHB Marlin McPhail
|
0-0: Ground out 4-3 (Groundball, 4M, EV 88.1 MPH)
|
|
Batting: RHB Matt Cimo
|
0-0: Called Strike 0-1: Ball 1-1: Foul Ball, location: 2F 1-2: Ball 2-2: SINGLE (Groundball, 5S, EV 67.5 MPH) (infield hit)
|
|
Batting: RHB Jason Felice
|
0-0: Ball 1-0: Ball 2-0: Fielders Choice at 2nd, 6-4 (Groundball, 6, EV 85.0 MPH)
|
| Bottom of the 5th over - 0 runs, 1 hit, 0 errors, 1 left on base; Minot 10 - Magic Valley 5 |
| TOP OF THE 6TH |
|
Minot Jets batting - Pitching for Magic Valley Magicians : LHP Terrence Nocera
|
|
Batting: LHB Douglas Reibel
|
0-0: Called Strike 0-1: Foul Ball, location: 2F 0-2: Ball 1-2: Ball 2-2: SINGLE (Line Drive, 4D, EV 96.9 MPH)
|
|
Batting: RHB Troy Afenir
|
0-0: Ball 1-0: Ball 2-0: Called Strike 2-1: Swinging Strike 2-2: Foul Ball, location: 2F 2-2: Ball Wild Pitch! Douglas Reibel to second 3-2: Base on Balls
|
|
Batting: RHB George Vogel
|
0-0: Foul Ball, location: 2F 0-1: Ball Wild Pitch! Douglas Reibel to third Troy Afenir to second 1-1: Ball 2-1: Swinging Strike 2-2: Foul Ball, location: 2F 2-2: Ball 3-2: Base on Balls
|
|
Batting: RHB Roberto Balaguer
|
0-0: Ball 1-0: Foul Ball, location: 2F 1-1: Ball 2-1: Fly out, F6 (Line Drive, 6, EV 66.3 MPH)
|
|
Pitching: LHP Thomas Robinson
|
|
|
Batting: RHB Joe Karmeris
|
0-0: Ball 1-0: Ball 2-0: Fly out, F3 (Popup, 3SF, EV 65.6 MPH)
|
|
Batting: RHB Jesus Aybar
|
0-0: Fielders Choice at 2nd, 6-4 (Groundball, 6, EV 94.4 MPH)
|
| Top of the 6th over - 0 runs, 1 hit, 0 errors, 3 left on base; Minot 10 - Magic Valley 5 |
| BOTTOM OF THE 6TH |
|
Magic Valley Magicians batting - Pitching for Minot Jets : RHP Danny Ontiveros
|
|
Batting: RHB Terry Steinbach
|
0-0: Called Strike 0-1: Ball 1-1: DOUBLE (Flyball, 8LXD, EV 103.1 MPH)
|
|
Batting: RHB Kevin Ward
|
0-0: Ball 1-0: Ball 2-0: Foul Ball, location: 2F 2-1: Called Strike 2-2: SINGLE (Flyball, 4D, EV 86.9 MPH) Terry Steinbach to third
|
|
Batting: RHB Hank Landers
|
0-0: Called Strike 0-1: Foul Ball, location: 2F 0-2: Grounds into double play, 6-4-3 (Groundball, 6, EV 101.3 MPH) Terry Steinbach scores
|
|
Batting: RHB Terry Edwards
|
0-0: Ball 1-0: Called Strike 1-1: Foul Ball, location: 2F 1-2: Ball 2-2: Foul Ball, location: 2F 2-2: SINGLE (Groundball, 56D, EV 103.8 MPH)
|
|
Pitching: RHP Guillermo Thomas
|
|
|
Batting: RHB Kenny Houp
|
0-0: Called Strike 0-1: Ball 1-1: Ground out 1-3 (Groundball, 34S, EV 70.0 MPH)
|
| Bottom of the 6th over - 1 run, 3 hits, 0 errors, 1 left on base; Minot 10 - Magic Valley 6 |
| TOP OF THE 7TH |
|
Minot Jets batting - Pitching for Magic Valley Magicians : LHP Thomas Robinson
|
|
Batting: RHB Hugo Olivas
|
0-0: Called Strike 0-1: Fly out, F8 (Flyball, 8LD, EV 101.9 MPH)
|
|
Batting: RHB Tony Beal
|
0-0: SINGLE (Flyball, 78S, EV 96.9 MPH)
|
|
Batting: RHB William Phillips
|
0-0: Called Strike 0-1: Called Strike 0-2: Ball 1-2: Ball 2-2: Ball 3-2: Foul Ball, location: 2F 3-2: Foul Ball, location: 2F 3-2: Fielders Choice at 2nd, 5-4 (Groundball, 5L, EV 80.0 MPH)
|
|
Batting: LHB Douglas Reibel
|
0-0: Ball 1-0: Ball 2-0: Ball 3-0: Called Strike 3-1: Base on Balls William Phillips to second
|
|
Batting: RHB Troy Afenir
|
0-0: Ball 1-0: Ball 2-0: Ball 3-0: Base on Balls William Phillips to third Douglas Reibel to second
|
|
Batting: RHB George Vogel
|
0-0: Called Strike 0-1: Called Strike 0-2: Ball 1-2: Ball 2-2: Ball Wild Pitch! William Phillips scores Douglas Reibel to third Troy Afenir to second 3-2: Foul Ball, location: 2F 3-2: Base on Balls
|
|
Batting: RHB Roberto Balaguer
|
0-0: Ball 1-0: Ball 2-0: Called Strike 2-1: Foul Ball, location: 2F 2-2: Ball 3-2: SINGLE (Groundball, 56D, EV 110.6 MPH) Douglas Reibel scores Troy Afenir to third George Vogel to second Troy Afenir scores George Vogel to third
|
|
Batting: RHB Joe Karmeris
|
0-0: Foul Ball, location: 2F 0-1: Ball 1-1: Fly out, F9 (Line Drive, 9, EV 103.1 MPH)
|
| Top of the 7th over - 3 runs, 2 hits, 0 errors, 2 left on base; Minot 13 - Magic Valley 6 |
| BOTTOM OF THE 7TH |
|
Magic Valley Magicians batting - Pitching for Minot Jets : RHP Guillermo Thomas
|
|
Batting: RHB Willie Lozado
|
0-0: Ball 1-0: Ball 2-0: Called Strike 2-1: Ball 3-1: Base on Balls
|
|
Batting: RHB Marlin McPhail
|
0-0: Foul Ball, location: 2F 0-1: SINGLE (Flyball, 34D, EV 82.5 MPH) Willie Lozado to second
|
|
Batting: RHB Matt Cimo
|
0-0: Ball 1-0: Fly out, F4 (Flyball, 4D, EV 85.6 MPH)
|
|
Batting: RHB Jason Felice
|
0-0: Ball 1-0: Fly out, F7 (Line Drive, 7, EV 91.9 MPH)
|
|
Batting: RHB Terry Steinbach
|
0-0: Called Strike 0-1: Ball 1-1: Foul Ball, location: 2F 1-2: Foul Ball, location: 2F 1-2: SINGLE (Popup, 3D, EV 53.8 MPH) Willie Lozado to third Marlin McPhail to second Runner from 3rd tries for Home, SAFE, throw by 2B to home
|
|
Batting: RHB Kevin Ward
|
0-0: Ball 1-0: Swinging Strike 1-1: Ball 2-1: Ball 3-1: Called Strike 3-2: Strikes out swinging
|
| Bottom of the 7th over - 1 run, 2 hits, 0 errors, 2 left on base; Minot 13 - Magic Valley 7 |
| TOP OF THE 8TH |
|
Minot Jets batting - Pitching for Magic Valley Magicians : LHP Thomas Robinson
|
|
Batting: RHB Jesus Aybar
|
0-0: Ball 1-0: Called Strike 1-1: Ball 2-1: Fly out, F9 (Line Drive, 9, EV 86.9 MPH)
|
|
Batting: RHB Hugo Olivas
|
0-0: SINGLE (Groundball, 4MD, EV 108.8 MPH)
|
|
Batting: RHB Tony Beal
|
0-0: Ball 1-0: Ball 2-0: Called Strike 2-1: Ball 3-1: Base on Balls Hugo Olivas to second
|
|
Batting: RHB William Phillips
|
0-0: Called Strike 0-1: Ball 1-1: Foul Ball, location: 2F 1-2: Foul Ball, location: 2F 1-2: Ball 2-2: Ball 3-2: Foul Ball, location: 2F 3-2: Base on Balls Hugo Olivas to third Tony Beal to second
|
|
Batting: LHB Douglas Reibel
|
0-0: Fly out, F8 (Line Drive, 8LM, EV 92.5 MPH) Runner from 3rd tags up, SCORES, throw by CF
|
|
Batting: RHB Troy Afenir
|
0-0: Called Strike 0-1: Foul Ball, location: 2F 0-2: 3-RUN HOME RUN (Flyball, 7D, EV 107.5 MPH), Distance : 389 ft
|
|
Pitching: RHP Hank Clark
|
|
|
Batting: RHB George Vogel
|
0-0: Ball 1-0: Ball 2-0: DOUBLE (Line Drive, 9LS, EV 95.6 MPH)
|
|
Batting: RHB Roberto Balaguer
|
0-0: Ball 1-0: Called Strike 1-1: Foul Ball, location: 2F 1-2: Ball 2-2: Foul Ball, location: 2F 2-2: Ball 3-2: Fly out, F6 (Popup, 6M, EV 58.8 MPH)
|
| Top of the 8th over - 4 runs, 3 hits, 0 errors, 1 left on base; Minot 17 - Magic Valley 7 |
| BOTTOM OF THE 8TH |
|
Magic Valley Magicians batting - Pitching for Minot Jets : RHP Guillermo Thomas
|
|
Batting: RHB Hank Landers
|
0-0: Called Strike 0-1: Foul Ball, location: 2F 0-2: Ball 1-2: Foul Ball, location: 2F 1-2: Fly out, F8 (Flyball, 8RM, EV 91.3 MPH)
|
|
Batting: RHB Terry Edwards
|
0-0: Called Strike 0-1: Ball 1-1: Ball 2-1: Foul Ball, location: 2F 2-2: Ball 3-2: SOLO HOME RUN (Flyball, 7LD, EV 95.0 MPH), Distance : 371 ft
|
|
Batting: RHB Kenny Houp
|
0-0: Foul Ball, location: 2F 0-1: Fly out, F8 (Line Drive, 8LM, EV 93.1 MPH)
|
|
Batting: RHB Willie Lozado
|
0-0: Ball 1-0: Foul Ball, location: 2F 1-1: Ball 2-1: Foul Ball, location: 2F 2-2: Foul Ball, location: 2F 2-2: Ball 3-2: Ground out U3 (Groundball, 3L, EV 101.9 MPH)
|
| Bottom of the 8th over - 1 run, 1 hit, 0 errors, 0 left on base; Minot 17 - Magic Valley 8 |
| TOP OF THE 9TH |
|
Minot Jets batting - Pitching for Magic Valley Magicians : RHP Hank Clark
|
|
Batting: RHB Joe Karmeris
|
0-0: Swinging Strike 0-1: Ball 1-1: Ball 2-1: Ball 3-1: Ground out 5-3 (Groundball, 56D, EV 90.6 MPH)
|
|
Batting: RHB Jesus Aybar
|
0-0: Ball 1-0: Ground out 5-3 (Groundball, 56S, EV 90.0 MPH)
|
|
Batting: RHB Hugo Olivas
|
0-0: Ball 1-0: Called Strike 1-1: Ground out U3 (Groundball, 3, EV 105.0 MPH)
|
| Top of the 9th over - 0 runs, 0 hits, 0 errors, 0 left on base; Minot 17 - Magic Valley 8 |
| BOTTOM OF THE 9TH |
|
Magic Valley Magicians batting - Pitching for Minot Jets : RHP Guillermo Thomas
|
|
Batting: RHB Marlin McPhail
|
0-0: Called Strike 0-1: Ball 1-1: SOLO HOME RUN (Line Drive, 7LD, EV 103.1 MPH), Distance : 363 ft
|
|
Pitching: LHP Gregory Carne
|
|
|
Batting: RHB Matt Cimo
|
0-0: Ball 1-0: Foul Ball, location: 2F 1-1: Ball 2-1: Called Strike 2-2: Ground out 6-3 (Groundball, 6, EV 78.8 MPH)
|
|
Batting: RHB Jason Felice
|
0-0: Ball 1-0: Called Strike 1-1: Ball 2-1: Ground out U3 (Groundball, 34, EV 83.1 MPH)
|
|
Batting: RHB Terry Steinbach
|
0-0: Ball 1-0: Ball 2-0: Called Strike 2-1: Ball 3-1: Fly out, F8 (Flyball, 8LM, EV 88.8 MPH)
|
| Bottom of the 9th over - 1 run, 1 hit, 0 errors, 0 left on base; Minot 17 - Magic Valley 9 |
|